 Dungeon Crawl Stone Soup version 0.29-a0-962-gc8bbfd0a37 (webtiles) character file.

Game seed: 16706821075326069005

28994 ragingrage the Cleaver (level 13, -9/80 HPs)
             Began as a Gargoyle Artificer on July 30, 2022.
             Was the Champion of Okawaru.
             Mangled by a culicivora (16 damage)
             ... on level 3 of the Lair of Beasts.
             The game lasted 00:30:08 (19030 turns).

ragingrage the Cleaver (Gargoyle Artificer)        Turns: 19030, Time: 00:30:09

Health: -9/80      AC: 27    Str: 22    XL:     13   Next: 42%
Magic:  16/16      EV: 11    Int:  9    God:    Okawaru [******]
Gold:   271        SH:  0    Dex: 10    Spells: 12/12 levels left

rFire   + . .      SeeInvis +   a - +1 war axe (venom)
rCold   . . .      Faith    .   (no shield)
rNeg    + + .      Spirit   .   I - +4 scale mail {Will+}
rPois   ∞          Reflect  .   K - +2 hat
rElec   +          Harm     .   d - +1 cloak of Barnacled the Leaf {rF+ rN+ Int-2}
rCorr   +          Rampage  .   (no gloves)
Will    +....                   P - +0 pair of boots
Stlth   ..........              w - amulet of regeneration
HPRegen 1.03/turn               l - ring of resist corrosion
MPRegen 0.15/turn               N - ring of see invisible

@: studying Armour
A: sickness immunity, AC +9, negative energy resistance 1, electricity
resistance, torment resistance 1, petrification resistance
a: Renounce Religion, Heroism, Finesse, Duel


You were on level 3 of the Lair of Beasts.
You worshipped Okawaru.
Okawaru was exalted by your worship.
You visited 2 branches of the dungeon, and saw 15 of its levels.
You also visited: Bailey.

You collected 1069 gold pieces.
You spent 798 gold pieces at shops.

Inventory:

Hand Weapons
 a - a +1 war axe of venom (weapon)
 b - a +1 hand axe of flaming
 u - a +1 executioner's axe of draining
 B - a +1 sling of flaming
 E - a +0 broad axe
 J - a +5 hand axe of draining
Missiles
 C - 30 poisoned darts (quivered)
 L - 2 throwing nets
 O - 8 javelins
 R - 3 curare-tipped darts
Armour
 d - the +1 cloak of Barnacled the Leaf (worn) {rF+ rN+ Int-2}
   (You found it on level 7 of the Dungeon)

   Int:       It affects your intelligence (-2).
   rF:        It protects you from fire.
   rN:        It protects you from negative energy.
 I - a +4 scale mail of willpower (worn)
 K - a +2 hat (worn)
 P - a +0 pair of boots (worn)
 Y - a +3 chain mail of fire resistance
Jewellery
 j - a ring of fire
 l - a ring of resist corrosion (left hand)
 w - an amulet of regeneration (around neck)
 F - a ring of fire
 N - a ring of see invisible (right hand)
 W - a ring of ice
Wands
 c - a wand of flame (36)
 e - a wand of iceblast (24)
 M - a wand of mindburst (14)
 T - a wand of polymorph (12)
 U - a wand of digging (6)
 X - a wand of acid (5)
Scrolls
 g - 10 scrolls of teleportation
 i - a scroll of poison
 k - a scroll of silence {unknown}
 o - 3 scrolls of immolation
 p - 2 scrolls of torment
 q - 3 scrolls of enchant weapon
 r - 5 scrolls of identify
 y - 2 scrolls of magic mapping
 D - 3 scrolls of amnesia
 H - a scroll of noise {unknown}
Potions
 f - 3 potions of brilliance
 h - 2 potions of magic {unknown}
 m - 2 potions of cancellation
 n - 8 potions of curing
 s - 3 potions of heal wounds
 t - a potion of degeneration {unknown}
 x - 5 potions of mutation
 z - 2 potions of resistance
 A - 5 potions of might
 G - 2 potions of invisibility
 Q - 2 potions of lignification
 S - a potion of berserk rage
 V - a potion of haste


   Skills:
 + Level 9.3 Fighting
 + Level 14.7 Axes
 + Level 8.4 Armour
 - Level 3.0 Dodging
 - Level 1.1 Stealth
 - Level 4.0 Invocations
 + Level 9.6 Evocations


You had 12 spell levels left.
You didn't know any spells.
Your spell library contained the following spells:

 Spells                   Type           Power      Damage    Failure   Level
 Apportation              Tloc           0%         N/A       67%         1
 Freeze                   Ice            0%         1d3       67%         1
 Magic Dart               Conj           0%         1d3       67%         1
 Sandblast                Erth           0%         2d4       67%         1
 Sting                    Tmut/Pois      0%         1d3       67%         1
 Passwall                 Tmut/Erth      0%         N/A       80%         2
 Poisonous Vapours        Pois/Air       0%         N/A       80%         2
 Searing Ray              Conj           0%         2d4       80%         2
 Static Discharge         Conj/Air       0%         3-3/arc   80%         2
 Confusing Touch          Hex            0%         N/A       95%         3
 Frozen Ramparts          Ice            0%         1d2       95%         3
 Stone Arrow              Conj/Erth      0%         3d7       95%         3
 Corpse Rot               Necr/Pois/Air  0%         N/A       100%        4
 Dispel Undead            Necr           0%         3d6       100%        4
 Fulminant Prism          Conj/Hex       0%         3d6       100%        4
 Hailstorm                Conj/Ice       0%         3d3       100%        4
 Ice Form                 Ice/Tmut       0%         N/A       100%        4
 Olgreb's Toxic Radiance  Pois           0%         N/A       100%        4
 Sticky Flame             Conj/Fire      0%         2d3       100%        4
 Alistair's Intoxication  Tmut/Pois      0%         N/A       100%        5
 Fireball                 Conj/Fire      0%         3d3       100%        5
 Iskenderun's Battlesphe  Conj           0%         2d6       100%        5
 Yara's Violent Unravell  Hex/Tmut       0%         3d3       100%        5
 Conjure Ball Lightning   Conj/Air       0%         3x3d6     100%        6
 Enfeeble                 Hex            0%         N/A       100%        7
 Orb of Destruction       Conj           0%         9d5       100%        7
 Summon Ice Beast         Ice/Summ       Unusable   N/A       N/A         4
 Death Channel            Necr           Unusable   N/A       N/A         6

Dungeon Overview and Level Annotations

Branches:
Dungeon (12/15)            Temple (0/1) D:6            Lair (3/5) D:11
 Shoals (0/4) Lair:2       Bailey (visited)
  Snake: Lair:2-3    Spider: Lair:2-3       Orc: D:9-12

Altars:
Ashenzari
Fedhas
Kikubaaqudgha
Makhleb
Okawaru
Qazlal
Ru
Sif Muna
Trog
Vehumet
Wu Jian
Xom
Yredelemnul
The Shining One

Shops:
D:3 [

Portals:
Abyss: D:10

Annotations:
D:9 1 runed translucent door, osoart's ghost, novice HOFi
D:10 2 transporters, zhov's ghost, journeyman DsHu
Lair:1 exclusion: 2 oklob plants


Innate Abilities, Weirdness & Mutations

You are immune to sickness and miasma.
Your stone body is resilient. (AC +9)
You are immune to poison.
You resist negative energy. (rN+)
You are resistant to electric shocks. (rElec)
You are resistant to unholy torment.
You are immune to petrification.


Message History

You hit the culicivora.
The culicivora is poisoned.
The culicivora is lightly wounded.
The culicivora barely misses you.
The culicivora is healed somewhat.
The culicivora bites you but does no damage.
You closely miss the culicivora.
The culicivora is lightly wounded.
The culicivora bites you!
The culicivora's wounds heal themselves!
You hit the culicivora.
The culicivora is lightly wounded.
You kill the hell rat!
Okawaru accepts your kill.
The culicivora bites you but does no damage.
You closely miss the culicivora. You barely miss the culicivora.
The culicivora bites you. The culicivora bites you!
You slash the culicivora!
The culicivora looks as sick as possible!
The culicivora is moderately wounded.
You miss the culicivora. The culicivora barely misses you.
The culicivora bites you!
* * * LOW HITPOINT WARNING * * *
You slash the culicivora!
The culicivora looks as sick as possible!
The culicivora is almost dead.
You closely miss the culicivora.
You kill the culicivora!
Okawaru accepts your kill.
The culicivora bites you but does no damage.
You closely miss the culicivora.
The culicivora is heavily wounded.
The culicivora bites you.
* * * LOW HITPOINT WARNING * * *
The culicivora bites you.
* * * LOW HITPOINT WARNING * * *
You closely miss the culicivora.
The culicivora is heavily wounded.
The culicivora bites you!
* * * LOW HITPOINT WARNING * * *
You feel better. The culicivora bites you!
You die...

####.....# #PP#P.P#.##
.##.# ..........#######
....#
............#...###...+##
...........#.<..........P
.............<....>....P+
......†................P#
..........##............#
........<.##....@.†.....#
#.##.+#####.#####s....#.#
# #.# #>†....#
######..#..###
#..........#
#...........#
#............
##.!......#..
#.........##


You could see a culicivora (very poisoned).

Vanquished Creatures
  Kirke (D:12)
  Gastronok (D:9)
  Fannar (D:11)
  Harold (D:9)
  5 hydras
  A boulder beetle (D:12)
  Erica (D:8)
  2 two-headed ogres (D:12)
  Urug (Lair:2)
  Sonja (D:11)
  Pikel (D:9)
  3 orc knights
  3 manticores
  A cyclops (D:11)
  Maurice (D:9)
  A black mamba (Lair:1)
  4 gargoyles
  3 cane toads (Lair:2)
  An unseen horror (D:12)
  Maggie (D:7)
  A rime drake (Lair:2)
  2 kobold demonologists (Bailey)
  3 komodo dragons
  3 polar bears
  A troll (D:11)
  A culicivora (Lair:3)
  A wraith (D:7)
  3 basilisks
  4 humans (D:12)
  2 wyverns
  10 yaks
  Grum (Lair:1)
  A hog (D:12)
  2 steam dragons
  Edmund (D:5)
  5 water moccasins
  An acid dragon (D:9)
  An ice beast (D:7)
  4 sky beasts
  14 orc warriors
  4 black bears
  8 wolves (Lair:1)
  3 ogres
  12 centaurs
  A lemure (D:9)
  A phantom (D:6)
  4 bullfrogs
  4 kobold brigands
  2 necrophages
  3 gnoll sergeants
  6 scorpions
  7 wights
  5 howler monkeys
  5 electric eels (Bailey)
  3 orc priests
  9 hounds
  A jelly (D:5)
  3 iguanas
  7 orc wizards
  6 hell rats (Lair:3)
  17 gnolls
  8 adders
  2 white imps
  An ufetubus (D:7)
  2 adder skeletons (D:2)
  2 adder zombies (D:2)
  6 worms
  2 dart slugs (D:1)
  24 orcs
  6 bats
  A bat skeleton (D:2)
  2 bat zombies (D:2)
  4 endoplasms
  4 giant cockroaches
  15 goblins
  21 hobgoblins
  2 jackals (D:3)
  7 quokkas
  8 ball pythons
  2 ball python skeletons (D:2)
  2 ball python zombies (D:2)
  4 frilled lizards
  28 kobolds
  A quokka skeleton (D:2)
  6 rats
366 creatures vanquished.

Vanquished Creatures (others)
  19 fungi
  14 plants
  A withered plant (D:2)
34 creatures vanquished.

Grand Total: 400 creatures vanquished

Notes
Turn   | Place    | Note
-------+----------+-------------------------------------------
     0 | D:1      | ragingrage the Gargoyle Artificer began the quest for the
                  | Orb.
     0 | D:1      | Reached XP level 1. HP: 12/12 MP: 1/1
   121 | D:1      | Reached XP level 2. HP: 17/17 MP: 2/2
   645 | D:1      | Reached XP level 3. HP: 14/22 MP: 3/3
  1457 | D:2      | Reached XP level 4. HP: 27/27 MP: 4/4
  1513 | D:2      | Found a faded altar of an unknown god.
  2177 | D:3      | Found a shimmering altar of Xom.
  2178 | D:3      | Found a basalt altar of Yredelemnul.
  2178 | D:3      | Found an ornate altar of the Wu Jian Council.
  2188 | D:3      | Found an iron altar of Okawaru.
  2188 | D:3      | Found a sacrificial altar of Ru.
  2191 | D:3      | Found a glowing golden altar of the Shining One.
  2192 | D:3      | Found a shimmering blue altar of Sif Muna.
  2202 | D:3      | Became a worshipper of Warmaster Okawaru
  2241 | D:3      | Found a stormy altar of Qazlal.
  2270 | D:3      | Found a bloodstained altar of Trog.
  2586 | D:3      | Reached XP level 5. HP: 28/32 MP: 5/5
  2692 | D:3      | Found Wial's Antique Armour Boutique.
  2700 | D:3      | Bought a smoking leather armour for 133 gold pieces
  2700 | D:3      | Identified the +0 leather armour of Yragice {+Inv rCorr
                  | Dex-3 Stlth+} (You bought it in a shop on level 3 of the
                  | Dungeon)
  3821 | D:4      | Reached XP level 6. HP: 26/32 MP: 6/6
  3895 | D:4      | Found a burning altar of Makhleb.
  3895 | D:4      | Noticed a cacodemon
  4034 | D:4      | Reached skill level 1 in Axes
  4758 | D:5      | Entered Level 5 of the Dungeon
  4806 | D:5      | Reached skill level 2 in Axes
  4935 | D:5      | Noticed a water moccasin
  5213 | D:5      | Reached skill level 5 in Evocations
  5283 | D:5      | Noticed Edmund
  5424 | D:6      | Reached skill level 3 in Axes
  5424 | D:6      | Reached XP level 7. HP: 44/44 MP: 7/7
  5503 | D:5      | HP: 1/66 [water moccasin (5)]
  5504 | D:5      | Reached * piety under Okawaru
  5832 | D:5      | Reached skill level 4 in Axes
  6196 | D:6      | Found a staircase to the Ecumenical Temple.
  6355 | D:6      | Reached XP level 8. HP: 39/48 MP: 8/8
  6452 | D:6      | Reached skill level 5 in Axes
  7131 | D:6      | Reached skill level 6 in Axes
  7756 | D:6      | Reached skill level 7 in Axes
  7756 | D:6      | Reached XP level 9. HP: 42/52 MP: 9/9
  8858 | D:3      | Bought a shiny scale mail for 133 gold pieces
  9018 | D:7      | Reached skill level 8 in Axes
  9151 | D:7      | Reached ** piety under Okawaru
  9210 | D:7      | Noticed Maggie
  9239 | D:7      | Killed Maggie
  9240 | D:7      | Reached skill level 9 in Axes
  9334 | D:7      | Found a radiant altar of Vehumet.
  9500 | D:7      | Identified the +1 cloak of Barnacled the Leaf {rF+ rN+
                  | Int-2}
  9959 | D:8      | Reached skill level 10 in Axes
 10176 | D:8      | Reached XP level 10. HP: 52/58 MP: 10/10
 10237 | D:8      | Noticed Erica
 10309 | D:9      | Noticed Harold
 10309 | D:9      | Noticed Gastronok
 10323 | D:9      | Killed Harold
 10323 | D:9      | Reached *** piety under Okawaru
 10324 | D:9      | Reached skill level 11 in Axes
 10338 | D:9      | Killed Gastronok
 10338 | D:9      | Reached **** piety under Okawaru
 10484 | D:9      | Reached skill level 12 in Axes
 10631 | D:9      | Found a broken altar of Ashenzari.
 10794 | D:9      | Found a flagged portal.
 10798 | D:9      | Found a runed translucent door.
 10868 | Bailey   | Entered a bailey
 11139 | Bailey   | Noticed an orc knight
 11161 | Bailey   | Killed an orc knight
 11369 | Bailey   | Reached XP level 11. HP: 62/62 MP: 11/11
 11397 | Bailey   | Found an iron altar of Okawaru.
 11503 | Bailey   | Reached skill level 13 in Axes
 11833 | Bailey   | Noticed an orc knight
 11849 | Bailey   | Killed an orc knight
 11918 | Bailey   | Reached ***** piety under Okawaru
 12383 | D:9      | Noticed Pikel
 12398 | D:9      | Killed Pikel
 12618 | D:9      | Acquired a +5 hand axe of draining
 12697 | D:9      | Noticed Maurice
 12709 | D:9      | Killed Maurice
 12949 | D:9      | Noticed osoart's ghost (novice HOFi)
 13084 | D:8      | Reached skill level 1 in Dodging
 13339 | D:8      | Killed Erica
 13340 | D:8      | Reached skill level 14 in Axes
 13340 | D:8      | Reached skill level 1 in Invocations
 13764 | D:9      | Identified the +5 spear of Lies {speed, Int+5 Dex+4}
 13783 | D:10     | Entered Level 10 of the Dungeon
 13794 | D:10     | Found a one-way gate to the infinite horrors of the Abyss.
 13794 | D:10     | Noticed zhov's ghost (journeyman DsHu)
 13797 | D:10     | Noticed a hell hog
 13797 | D:10     | Noticed a skeletal warrior
 13958 | D:10     | Reached skill level 5 in Fighting
 14070 | D:10     | Found an ancient bone altar of Kikubaaqudgha.
 14385 | D:10     | Found a transporter.
 14508 | D:10     | Found a transporter.
 14609 | D:11     | Noticed Sonja
 14610 | D:11     | Killed Sonja
 14626 | D:11     | Noticed a cyclops
 14671 | D:11     | Killed a cyclops
 14671 | D:11     | Received a gift from Okawaru
 14737 | D:11     | Noticed a manticore
 14760 | D:11     | Killed a manticore
 14787 | D:11     | Noticed Fannar
 14801 | D:11     | Killed Fannar
 14801 | D:11     | Reached ****** piety under Okawaru
 14802 | D:11     | Reached XP level 12. HP: 19/69 MP: 14/14
 14932 | D:11     | Found a staircase to the Lair.
 15169 | D:11     | Found a sacrificial altar of Ru.
 15394 | D:12     | Noticed a boulder beetle
 15411 | D:12     | Killed a boulder beetle
 15412 | D:12     | Reached skill level 5 in Armour
 15487 | D:12     | Noticed Kirke
 15523 | D:12     | Killed Kirke
 15769 | D:12     | Found a shimmering altar of Xom.
 15770 | D:12     | Found a shimmering altar of Xom.
 15770 | D:12     | Found a shimmering altar of Xom.
 15771 | D:12     | Found a shimmering altar of Xom.
 15771 | D:12     | Found a shimmering altar of Xom.
 15772 | D:12     | Found a shimmering altar of Xom.
 16004 | D:12     | Noticed a two-headed ogre
 16019 | D:12     | Killed a two-headed ogre
 16165 | D:12     | Noticed a seven-headed hydra
 16182 | D:12     | Killed a one-headed hydra
 16241 | D:12     | Noticed a two-headed ogre
 16269 | D:12     | Killed a two-headed ogre
 16269 | D:12     | Received a gift from Okawaru
 16533 | D:3      | Bought a pitted plate armour for 532 gold pieces
 16533 | D:3      | Identified the +1 plate armour of the Endless Expanse
                  | {rElec Dex+2} (You bought it in a shop on level 3 of the
                  | Dungeon)
 16689 | D:5      | Killed Edmund
 17038 | Lair:1   | Entered Level 1 of the Lair of Beasts
 17061 | Lair:1   | Noticed a seven-headed hydra
 17138 | Lair:1   | Killed an 11-headed hydra
 17330 | Lair:1   | Reached XP level 13. HP: 73/79 MP: 16/16
 17742 | Lair:1   | Noticed Grum
 17756 | Lair:1   | Killed Grum
 17906 | Lair:1   | Found a blossoming altar of Fedhas.
 18029 | Lair:2   | Found a staircase to the Shoals.
 18100 | Lair:2   | Noticed Urug
 18192 | Lair:2   | Killed Urug
 18464 | Lair:2   | Received a gift from Okawaru
 18506 | Lair:2   | Acquired a manual of Armour
 18601 | Lair:2   | Identified the +1 robe "Dihaazat" {Harm Str+3}
 19029 | Lair:3   | HP: 1/80 [culicivora (8)]
 19030 | Lair:3   | Mangled by a culicivora

Illustrated notes

Levels and vault maps discovered:
D:1:      sevenhm_arrival_forest_fort_small_3, layout_loops_ring, st_stairs_11,
          solitary_fountain
D:2:      layout_loops_ring, shapermc_ecumenical_altar_venn, serial_undead,
          serial_undead_f, serial_undead_c, serial_undead_a, serial_undead_a,
          serial_undead_e, serial_undead_e, serial_undead_f, serial_undead_a,
          serial_undead_b, serial_undead_b
D:3:      layout_loops_ring, grunt_temple_overflow_open,
          mainiacjoe_overflow_concentric_impassable,
          mainiacjoe_overflow_alcove_1, serial_shops, shop,
          nicolae_eternal_life, minmay_misc_feat_columns,
          nicolae_kite_square_tiling_tiny, minmay_misc_feat_hallway,
          roderic_serpentine_path, amethyst_killhole
D:4:      layout_cave_pools, makhleb_altar_promises_db,
          kennysheep_generic_room_9
D:5:      corexii_shack_village, layout_gridville,
          minmay_misc_feat_secret_circle, uniq_edmund
D:6:      minmay_razor_zed, layout_layer_cave,
          minmay_temple_entry_statues_fountains
D:7:      layout_cave_pools, vehumet_altar_wand_db, chequers_decorated_corner,
          minmay_bent, uniq_maggie
D:8:      layout_basic, glass_columns_a, uniq_erica
D:9:      layout_roguey, mainiacjoe_overflow_catwalk,
          ebering_ghost_funeral_grove, enter_bailey_2, uniq_harold,
          uniq_gastronok, uniq_maurice, uniq_pikel
D:10:     layout_roguey, mainiacjoe_overflow_chevrons,
          gammafunk_ghost_abyssal_escape
D:11:     layout_gridville, grunt_lair_entry_orc_guard_hut,
          nicolae_ru_great_annihilating_truth, uniq_sonja, uniq_fannar
D:12:     four-leaf_vault, layout_gridville, david_orc_5, xom_shifter_show,
          uniq_kirke
Lair:1:   layout_cave_pods, hangedman_tree_tricks,
          grunt_forest_large_clearing_hut, serial_bayou_shore_b,
          grunt_megastairs_1, uniq_grum
Lair:2:   layout_roguey, shoals_dummy_entry, minmay_holes, grunt_megastairs_4,
          uniq_urug
Lair:3:   layout_roguey, nicolae_spider_entry_tight_spaces

Skill      XL: |  1  2  3  4  5  6  7  8  9 10 11 12 13 |
---------------+----------------------------------------+-----
Evocations     | 3 4 5 6 7 9 |  9.6
Fighting       | 2 3 4 5 8 9 |  9.3
Axes           | 3 4 7 10 12 14 | 14.7
Dodging        | 2 3 |  3.0
Invocations    | 3 4 |  4.0
Armour         | 4 7 8 |  8.4
Stealth        | |  1.1

Action                   |  1- 3 |  4- 6 |  7- 9 | 10-12 | 13-15 || total
-------------------------+-------+-------+-------+-------+-------++-------
Melee: Club              |    28 |       |       |       |       ||    28
       Mace              |    74 |   244 |    29 |       |       ||   347
       Short sword       |     9 |       |       |       |       ||     9
       Punch             |       |     4 |     9 |    10 |       ||    23
       Hand axe          |       |       |   349 |   308 |    40 ||   697
       War axe           |       |       |       |   409 |   166 ||   575
 Fire: Sling             |       |       |     4 |       |       ||     4
Throw: Dart              |       |       |     7 |    36 |     5 ||    48
Invok: Heroism           |       |       |     3 |    11 |     2 ||    16
 Abil: Evoke Invisibilit |       |     1 |       |       |       ||     1
Evoke: Wand              |       |     2 |     1 |    24 |       ||    27
  Use: Potion            |       |       |     6 |     1 |     1 ||     8
       Scroll            |       |       |       |    15 |     5 ||    20
 Stab: Sleeping          |     2 |     7 |     1 |       |       ||    10
       Invisible         |       |     2 |       |       |       ||     2
       Distracted        |       |     2 |       |       |       ||     2
       Paralysed         |       |       |       |     1 |       ||     1
Armor: Leather armour    |    72 |   106 |   128 |       |       ||   306
       Scale mail        |       |       |   100 |   368 |   130 ||   598
Dodge: Dodged            |    71 |   183 |   173 |   293 |   100 ||   820

Table legend: (Time is in decaauts)
 A = Elapsed time spent in this place.
 B = Non-inter-level travel time spent in this place.
 C = Inter-level travel time spent in this place.
 D = Time resting spent in this place.
 E = Time spent auto-exploring this place.
 F = Levels seen in this place.
 G = Mean time per level.
                   A        B        C        D        E       F      G
               +--------+--------+--------+--------+--------+-----+--------+
         Total |  18952 |  17731 |   1221 |   4179 |   9682 |  16 | 1184.5 |
       Dungeon |  15575 |  14422 |   1153 |   3146 |   8103 |  12 | 1297.9 |
          Lair |   1880 |   1812 |     68 |    195 |   1217 |   3 |  626.7 |
        Bailey |   1496 |   1496 |      0 |    837 |    362 |   1 | 1496.0 |
               +--------+--------+--------+--------+--------+-----+--------+

Top non-repeatable levels by time:
     D:6: 2457 daAuts
     D:4: 1847 daAuts
     D:5: 1543 daAuts
  Bailey: 1496 daAuts
     D:9: 1465 daAuts
     D:7: 1369 daAuts
     D:2: 1200 daAuts
     D:3: 1104 daAuts
     D:1: 1042 daAuts
  Lair:1: 963 daAuts
    D:12: 949 daAuts
     D:8: 937 daAuts
    D:11: 874 daAuts
  Lair:2: 813 daAuts
    D:10: 785 daAuts
